← All builds
Front / Armada / Economy first / OBSERVED BUILD

Standard front

Armada Front build order · Supreme Isthmus

Standard Front economy-first opening with Bot Lab and Vehicle Plant thrown down almost immediately, transitioning into a mixed Blitz/Rocketeer/Pawn/Janus army feeding the middle over the game.

#eco · 1008 distinct matches · 135 players · 75% of Armada Front games · team won 63% of 1155 · Recently observed

HOW TO PLAY IT

Key timing: Vehicle Plant by 0:47

  1. Open 3 mex then Bot Lab and Vehicle Plant almost together.
  2. Layer wind while both labs start producing.
  3. Send early units to coast first to stop leaks, not middle.
  4. Add Construction Turrets as "Blitz", "Rocketeer", "Janus" mix builds up.
  5. Transition into Advanced Metal Extractor once T2 con is out.

Phase by phase

TYPICAL OF ITS 1008 GAMES
  1. 1
  2. 2
  3. 3
PLAY THE OPENING

Follow the example game's first 6:00 step by step: what to build now, what comes next, and where it goes. At 1× it keeps pace with your own game.

  1. 1

    Up to the Bot Lab

    Economy
    • Metal Extractor2Mex
    • Wind Turbine1Wind
    Order
    1. Bot LabBot Lab after 3 mex, 1 winddone ~0:45, middle half 0:35–8:32

    Some games also: Vehicle Plant (41%)

    By 0:28 in all: 2 mex · 1 wind

    The example game in this phase · 3 steps
    1. Mex ×3
    2. Wind
    3. Bot LabBot Labdone 0:51 · typical 0:45
  2. 2

    Bot Lab to 5:00

    Economy
    • Metal Extractor4Mex
    • Wind Turbine3Wind
    Army
    • Sentry1 Sentry

    Some games also: rocketeer (46%) · con bot (44%) · Lazarus (44%) · tick (41%) · centurion (37%)

    By 5:00 in all: 6 mex · 7 wind

    The example game in this phase · 37 steps
    1. Wind
    2. TickTick ×2
    3. Construction BotCon bot ×3
    4. Mex
    5. CenturionCenturion
    6. RocketeerRocketeer ×3
    7. Mex
    8. Wind
    9. RocketeerRocketeer ×2
    10. Wind
    11. TickTick
    12. Mex
    13. RocketeerRocketeer
    14. LazarusLazarus
    15. SentrySentry
    16. Wind
    17. RocketeerRocketeer ×3
    18. Wind
    19. RocketeerRocketeer ×2
    20. Wind
    21. Construction BotCon bot
    22. RocketeerRocketeer ×2
    23. Wind
    24. RocketeerRocketeer
    25. Mex
    26. RocketeerRocketeer ×2
    27. Wind
    28. CrossbowCrossbow ×2
    29. Mex
    30. LazarusLazarus
    31. Wind
    32. TickTick
    33. RocketeerRocketeer
    34. CenturionCenturion
    35. Mex
    36. Energy storage
    37. Wind
  3. 3

    5:00 to 10:00

    Economy
    • Metal Extractor1Mex
    • Wind Turbine14Wind
    Builders
    • Construction Turret2 Con turret
    Army
    • Sentry1 Sentry

    Some games also: energy storage (46%) · rocketeer (39%) · blitz (38%) · pawn (36%) · Lazarus (36%)

    By 10:00 in all: 7 mex · 25 wind · 1 energy storage · 3 con turret

    The example game in this phase · 66 steps
    1. Mex
    2. CenturionCenturion
    3. SentrySentry
    4. Wind
    5. BlitzBlitz
    6. Construction BotCon bot
    7. SentrySentry
    8. Construction BotCon bot
    9. Wind
    10. CenturionCenturion
    11. SentrySentry
    12. RocketeerRocketeer
    13. Wind
    14. Construction BotCon bot
    15. PawnPawn
    16. Wind
    17. PawnPawn
    18. SentrySentry
    19. PawnPawn ×2
    20. Wind
    21. SentrySentry
    22. PawnPawn ×3
    23. Wind
    24. PawnPawn ×3
    25. Wind
    26. SentrySentry
    27. PawnPawn ×2
    28. Radar TowerRadar Tower
    29. Wind
    30. PawnPawn ×2
    31. Wind
    32. PawnPawn
    33. BlitzBlitz
    34. PawnPawn ×2
    35. Wind
    36. PawnPawn
    37. BlitzBlitz
    38. PawnPawn ×2
    39. Wind
    40. RocketeerRocketeer
    41. PawnPawn ×3
    42. RocketeerRocketeer
    43. PawnPawn
    44. Wind
    45. PawnPawn ×2
    46. RocketeerRocketeer
    47. PawnPawn
    48. Wind
    49. PawnPawn ×2
    50. RocketeerRocketeer
    51. PawnPawn
    52. Wind
    53. PawnPawn ×2
    54. RocketeerRocketeer
    55. PawnPawn
    56. Wind
    57. PawnPawn ×2
    58. BlitzBlitz
    59. Wind
    60. PawnPawn ×3
    61. Wind
    62. BlitzBlitz
    63. PawnPawn ×3
    64. RocketeerRocketeer
    65. Wind
    66. PawnPawn ×2

Counts are medians over the build's games: half of them build more, half fewer. The example game is Naigel's (48 OS, 03/09/2026); pick another.

Team trades

IN AT LEAST 30% OF ITS GAMES

You hand over

Nothing regular.

You get

  • Tidal Generator4 Tidal from Pondfirst at 0:18 · in 68% of games
  • Advanced Construction Bot1 T2 con bot from Geo or Techfirst at 7:18 · in 67% of games

How it plays out

Typical game of this build, running totals by minute

Metal produced

010k20k30k
0:005:0010:0015:00

metal

Enemy metal destroyed

05k10k
0:005:0010:0015:00

metal

Own metal lost

05k10k
0:005:0010:0015:00

metal

1155 games.

Show as table
ByMetal produced: This buildEnemy metal destroyed: This buildOwn metal lost: This build
1:0033300
2:008482131
3:001625141105
4:002715542333
5:0038631200820
6:00507221121523
7:00631429862450
8:00763638633360
9:00907946824312
10:001067953355062
11:001258858215713
12:001481563776524
13:001741369857236
14:002016876198094
15:002266983748952
WHAT THE NUMBERS SAY

Standard Front play wins more often than suicide front and produces more metal by 15:00, reflecting its safer positioning.

  • + Metal produced reaches 22219 by 15:00, above suicide front's 19882
  • + Own losses of 8949 stay under enemy metal destroyed's near-equal 8347
  • − First unit lost by 1:44 shows exposure even from the safer side
  • − Wider gap to defend demands disciplined coast-then-mid unit movement
THE EXAMPLE YOU ARE READING

Naigel

47.6 OS · 03/09/2026

Open source match ↗

5 received units
37 metal received · 6295 energy received

Allied construction assistance is unknown. Timings are observations, not a promise of solo reproducibility.

Typical milestones

Bot Lab0:45Middle 50%: 0:35–8:32 · n=730
Vehicle Plant0:48Middle 50%: 0:37–0:58 · n=818
Advanced Metal Extractor8:54Middle 50%: 8:02–10:01 · n=923

Played most by

Hummell98games of this buildhaaven94games of this buildLeohvm83games of this buildXad63games of this buildImmort42games of this build